 Dungeon Crawl Stone Soup version 0.31.0-1-g2c135a0 (webtiles) character file.

Game seed: 17692686454860410874

75 edsrzf the Cutter (level 4, -8/28 HPs)
             Began as a Kobold Cinder Acolyte on Jan 30, 2024.
             Was a High Priest of Ignis.
             Mangled by a gnoll
             ... wielding a +0 halberd
              (13 damage)
             ... on level 2 of the Dungeon.
             The game lasted 00:02:29 (1297 turns).

edsrzf the Cutter (Kobold Cinder Acolyte)           Turns: 1297, Time: 00:02:31

Health: -8/28      AC:  9    Str: 11    XL:     4   Next: 55%
Magic:  1/5        EV: 13    Int: 17    God:    Ignis [*****.]
Gold:   75         SH:  0    Dex: 10    Spells: 3/5 levels left

rFire   + . .        a - -1 short sword (flame)
rCold   . . .        (no shield)
rNeg    . . .        b - +0 robe
rPois   .            (no helmet)
rElec   .            (no cloak)
rCorr   .            (no gloves)
SInv    .            (no boots)
Will    .....        (no amulet)
Stlth   +++          (no ring)
HPRegen 0.24/turn    (no ring)
MPRegen 0.09/turn

%: no passive effects
@: fiery-armoured
A: small, no large weapons, nightstalker 3
a: Renounce Religion, Fiery Armour, Foxfire Swarm, Rising Flame


You were on level 2 of the Dungeon.
You worshipped Ignis.
Ignis was extremely pleased with you.
You visited 1 branch of the dungeon, and saw 2 of its levels.

You collected 75 gold pieces.

Inventory:

Hand Weapons
 a - a -1 short sword of flaming (weapon)
Missiles
 g - 10 stones (quivered)
Armour
 b - a +0 robe (worn)
Jewellery
 i - a ring of fire
 o - a ring of flight
Scrolls
 c - a scroll of immolation
 f - a scroll of torment {unknown}
 h - a scroll of fear {unknown}
 j - a scroll of revelation {unknown}
 l - 2 scrolls of identify {unknown}
 m - 2 scrolls of enchant weapon {unknown}
Potions
 d - a potion of resistance {unknown}
 e - a potion of haste {unknown}
 k - a potion of mutation {unknown}
 n - a potion of might {unknown}
 p - a potion of attraction {unknown}


   Skills:
 - Level 3.2 Fighting
 + Level 5.5 Short Blades
 + Level 3.8 Stealth
 - Level 1.1 Spellcasting
 - Level 3.0 Fire Magic


You had 3 spell levels left.
You knew the following spells:

 Your Spells              Type           Power      Damage    Failure   Level
a - Scorch                Fire           22%        2d5       10%         2

Your spell library contained the following spells:

 Spells                   Type           Power      Damage    Failure   Level


Dungeon Overview and Level Annotations

Branches:
Dungeon (2/15)

Altars:

Annotations:
D:2 Natasha


Innate Abilities, Weirdness & Mutations

You are small and have problems with some larger weapons.
You are completely attuned to the shadows.


Message History

Found a scroll labelled QENWOITHIC.
Found a stone staircase leading down.
The helpless ball python fails to defend itself.
You puncture the ball python! You burn the ball python.
You kill the ball python!
l - 2 scrolls labelled QENWOITHIC (gained 1)
You see here a ball python corpse.
p - a metallic emerald potion A ball python comes into view.
A ball python is nearby!
The helpless ball python fails to defend itself.
You puncture the ball python! You burn the ball python.
You kill the ball python!
Found a hand axe.
A gnoll comes into view. It is wielding a +0 halberd.
A gnoll is nearby!
A gnoll comes into view. It is wielding a +0 whip.
Found a hand axe.
Found a dark potion.
A gnoll comes into view. It is wielding a +0 whip.
Found a hand axe.
The gnoll shouts! x2
The gnoll barely misses you.
You see here a scroll labelled QENWOITHIC.
You closely miss the gnoll. The gnoll closely misses you.
The gnoll barely misses you. The gnoll hits you but does no damage.
You hit the gnoll. You burn the gnoll.
The gnoll is moderately wounded.
The gnoll completely misses you.
You hit the gnoll. You burn the gnoll.
The gnoll is severely wounded.
You hit the gnoll. You burn the gnoll.
The gnoll is almost dead.
The gnoll closely misses you.
You barely miss the gnoll.
The gnoll is almost dead.
The gnoll barely misses you.
You hit the gnoll but do no damage.
The gnoll is almost dead.
You closely miss the gnoll.
The gnoll is almost dead.
The gnoll hits you with a +0 whip.
You hit the gnoll. You burn the gnoll.
You kill the gnoll!
You barely miss the gnoll. The gnoll hits you with a +0 whip.
You barely miss the gnoll. You punch the gnoll.
The gnoll is moderately wounded.
The gnoll closely misses you.
You barely miss the gnoll.
The gnoll is moderately wounded.
The gnoll hits you but does no damage.
The gnoll hits you from afar with a +0 halberd.
You barely miss the gnoll.
The gnoll is moderately wounded.
The gnoll closely misses you.
A protective cloak of flame settles atop you.
The gnoll closely misses you. The gnoll hits you but does no damage.
The gnoll is burned by your cloak of flames.
The gnoll is heavily wounded.
You closely miss the gnoll.
The gnoll is heavily wounded.
The gnoll hits you from afar with a +0 halberd.
The gnoll hits you but does no damage.
The gnoll is burned by your cloak of flames.
The gnoll is severely wounded.
You hit the gnoll but do no damage.
The gnoll is severely wounded.
The gnoll barely misses you.
You hit the gnoll but do no damage.
The gnoll is severely wounded.
The gnoll closely misses you. The gnoll barely misses you.
You hit the gnoll. You burn the gnoll.
The gnoll is severely wounded.
The gnoll misses you.
You hit the gnoll but do no damage.
The gnoll is severely wounded.
The gnoll hits you from afar with a +0 halberd!
* * * LOW HITPOINT WARNING * * *
The gnoll barely misses you.
Okay, then.
You aren't carrying any items that you can evoke.
Unknown command.
The gnoll attacks as it pursues you! The gnoll hits you but does no damage.
The gnoll is burned by your cloak of flames.
The gnoll is severely wounded.
Casting: Scorch (safe; 10% risk of failure)
Confirm with . or Enter, or press ? or * to list all spells.
Flames lash the gnoll.
You kill the gnoll!
The gnoll attacks as it pursues you! The gnoll barely misses you.
Okay, then.
Okay, then.
Casting: Scorch (safe; 10% risk of failure)
Confirm with . or Enter, or press ? or * to list all spells.
Flames lash the gnoll.
The gnoll is heavily wounded.
The gnoll's fire resistance burns away.
The gnoll hits you from afar with a +0 halberd!
You die...

#.......# #.......# #.......# )
#.......# ♣♣.. #.......#
♣♣♣.... ##########
#.......#♣♣)?.♣. #........#
#........).....!.
##........#####.......#♣♣....♣.
................@.g.).# ♣♣♣.)..
##........#####.......# ♣♣..
..........# #########
......##### .†....# ...##.#
...##.##### ...##......
...##......


You could see a gnoll (combustible).

Vanquished Creatures
  2 gnolls (D:2)
  2 adders (D:2)
  9 ball pythons
  2 endoplasms (D:1)
  2 giant cockroaches (D:1)
  3 goblins
  2 hobgoblins (D:1)
  5 bats (D:1)
  4 frilled lizards
  3 kobolds
  3 rats (D:1)
37 creatures vanquished.

Notes
Turn   | Place    | Note
-------+----------+-------------------------------------------
     0 | D:1      | edsrzf the Kobold Cinder Acolyte began the quest for the
                  | Orb.
     0 | D:1      | Reached XP level 1. HP: 14/14 MP: 2/2
   157 | D:1      | Reached skill level 1 in Stealth
   206 | D:1      | Reached XP level 2. HP: 18/19 MP: 3/3
   332 | D:1      | Reached skill level 2 in Stealth
   483 | D:1      | Reached XP level 3. HP: 23/23 MP: 4/4
   946 | D:2      | Noticed Natasha
  1036 | D:2      | Reached skill level 5 in Short Blades
  1036 | D:2      | Reached skill level 3 in Stealth
  1036 | D:2      | Identified 2 scrolls of immolation
  1040 | D:2      | Learned a level 2 spell: Scorch
  1209 | D:2      | Reached XP level 4. HP: 28/28 MP: 5/5
  1297 | D:2      | Mangled by a gnoll

Illustrated notes

Levels and vault maps discovered:
D:1:      minmay_arrival_stair_chambers, layout_basic, minmay_small_reverse_x
D:2:      kennysheep_six_static_rooms, layout_basic,
          pf_guarded_unrand_woodcutter, uniq_natasha

Skill      XL: |  1  2  3 |
---------------+----------+-----
Stealth        | 1 2 3 |  3.8
Short Blades   | 5 |  5.5
Fighting       | |  3.2
Spellcasting   | |  1.1
Fire Magic     | |  3.0

Action                     |  1- 3 |  4- 6 || total
---------------------------+-------+-------++-------
  Melee: Short sword       |    87 |    19 ||   106
         Punch             |     2 |     1 ||     3
   Cast: Scorch            |       |     2 ||     2
 Invoke: Fiery Armour      |     1 |     1 ||     2
    Use: Scroll            |     1 |       ||     1
   Stab: Sleeping          |    12 |     2 ||    14
 Armour: Robe              |    30 |    11 ||    41
  Dodge: Dodged            |    39 |    15 ||    54
